 Dungeon Crawl Stone Soup version 0.25-a0-1133-g93ebf739aa (webtiles) character file.

Game seed: 5255261173622932502, levelgen mode: deterministic

94 Echocat the Skirmisher (level 4, -1/37 HPs)
             Began as a Demonspawn Berserker on May 22, 2020.
             Was a Believer of Trog.
             Killed from afar by an orc wizard (6 damage)
             ... with a puff of frost
             ... on level 3 of the Dungeon.
             The game lasted 00:06:20 (2188 turns).

Echocat the Skirmisher (Demonspawn Berserker)       Turns: 2188, Time: 00:06:21

Health: -1/37      AC:  8    Str: 18    XL:     4   Next: 38%
Magic:  4/4        EV: 12    Int:  9    God:    Trog [**....]
Gold:   97         SH:  0    Dex: 18    Spells: 3/3 levels left

rFire    . . .     SeeInvis .   a - +0 spear
rCold    . . .     Gourm    .   (no shield)
rNeg     . . .     Faith    .   n - +0 ring mail
rPois    .         Spirit   .   (no helmet)
rElec    .         Reflect  .   (no cloak)
rCorr    .         Harm     .   e - +0 pair of gloves
MR       ++...                  (no boots)
Stlth    +.........             (no amulet)
HPRegen  1.12/turn              d - +6 ring of dexterity
MPRegen  0.09/turn              (no ring)

@: regenerating
A: talons 1, molten scales 1, demonic guardian 1
a: Berserk, Trog's Hand, Renounce Religion


You were on level 3 of the Dungeon.
You worshipped Trog.
Trog was pleased with you.
You were very hungry.

You visited 1 branch of the dungeon, and saw 3 of its levels.

You collected 97 gold pieces.

Inventory:

Hand Weapons
 a - a +0 spear (weapon)
 l - a +0 short sword
Missiles
 m - 3 silver javelins (quivered)
Armour
 b - a +0 animal skin
 e - a +0 pair of gloves (worn)
 n - a +0 ring mail (worn)
Jewellery
 d - a +6 ring of dexterity (left hand)
 f - an uncursed ring of attention
Scrolls
 g - 3 scrolls of remove curse
 h - 2 scrolls of teleportation
 k - a scroll of blinking {unknown}
 o - a scroll of noise {unknown}
Potions
 j - a potion of haste {unknown}
 p - a potion of stabbing {unknown}
Comestibles
 c - 2 rations


   Skills:
 * Level 4.1 Fighting
 + Level 3.3 Polearms
 * Level 2.2 Armour
 * Level 2.1 Dodging
 + Level 0.3 Stealth


You had 3 spell levels left.
You didn't know any spells.
Your spell library was empty.

Dungeon Overview and Level Annotations

Branches:
Dungeon (3/15)

Altars:
Kikubaaqudgha


Innate Abilities, Weirdness & Mutations

You have sharp toenails.
You are partially covered in molten scales. (AC +2)
A weak demonic guardian rushes to your aid.


Message History

The orc wizard is lightly wounded.
The orc wizard casts a spell at you. The puff of flame hits you.
A kobold comes into view. It is wielding a +0 short sword.
You are too injured to fight recklessly!
You are too injured to fight recklessly!
You are too injured to fight recklessly!
Your skin crawls.
You feel resistant to hostile enchantments.
You feel quite a bit more hungry. The orc wizard closely misses you.
A howler monkey skeleton comes into view.
You miss the orc wizard. Your kick misses the orc wizard.
The orc wizard is lightly wounded.
The orc wizard hits you with a +0 dagger.
The orc priest invokes the aid of Beogh against you.
Beogh smites you!
* * * LOW HITPOINT WARNING * * *
The orc wizard gestures at you while chanting.
The puff of frost hits you.
You die...

#....#
#######....#
#<....#....###
##..#.##.....#
#..#.....##.#
#..#..#..##.#
#.........(.# .
##.##########....
#......5@ooo.K..
#############.Z.


You could see an orc priest, an orc wizard (fast), an orc, a kobold, a howler
monkey skeleton and a friendly ufetubus (summoned).

Vanquished Creatures
  3 adders (D:2)
  An ooze (D:1)
  2 worms (D:2)
  4 dart slugs
  A leopard gecko (D:1)
  A ball python (D:1)
  4 bats
  A giant cockroach (D:1)
  10 goblins
  4 hobgoblins (D:2)
  6 kobolds (D:1)
  A quokka (D:2)
  4 frilled lizards (D:2)
  5 rats
47 creatures vanquished.

Vanquished Creatures (collateral kills)
  A kobold (D:3)
1 creature vanquished.

Grand Total: 48 creatures vanquished

Notes
Turn   | Place    | Note
-------+----------+-------------------------------------------
     0 | D:1      | Echocat the Demonspawn Berserker began the quest for the
                  | Orb.
     0 | D:1      | Reached XP level 1. HP: 18/18 MP: 1/1
   331 | D:1      | Gained mutation: You have sharp toenails. [demonic
                  | ancestry]
   331 | D:1      | Reached XP level 2. HP: 21/24 MP: 2/2
  1071 | D:2      | Gained mutation: You are partially covered in molten
                  | scales. (AC +2) [demonic ancestry]
  1071 | D:2      | Reached XP level 3. HP: 30/30 MP: 3/3
  1388 | D:2      | Reached skill level 4 in Fighting
  1420 | D:2      | Reached ** piety under Trog
  1496 | D:2      | Gained mutation: A weak demonic guardian rushes to your
                  | aid. [demonic ancestry]
  1496 | D:2      | Reached XP level 4. HP: 37/37 MP: 4/4
  1863 | D:2      | Found an ancient bone altar of Kikubaaqudgha.
  2188 | D:3      | Killed from afar by an orc wizard

Illustrated notes

Levels and vault maps discovered:
D:1:      lightli_iron_boxes, layout_loops_corners
D:2:      layout_basic, kiku_gazebo_pond_becter, kennysheep_generic_room_14
D:3:      layout_basic, old_standard_altar, first_ration, st_stairs_5

Skill      XL: |  1  2  3 |
---------------+----------+-----
Armour         | 2 |  2.2
Polearms       | 3 |  3.3
Dodging        | 2 |  2.1
Fighting       | 4 |  4.1
Stealth        | |  0.3

Action                   |  1- 3 |  4- 6 || total
-------------------------+-------+-------++-------
Melee: Spear             |   101 |    36 ||   137
       Kick              |    24 |    11 ||    35
Invok: Trog's Hand       |       |     1 ||     1
  Use: Scroll            |     5 |       ||     5
 Stab: Sleeping          |     2 |       ||     2
  Eat: Chunk             |     2 |     1 ||     3
Armor: Animal skin       |     6 |       ||     6
       Ring mail         |    14 |     8 ||    22
Dodge: Dodged            |    46 |    12 ||    58

Table legend:
 A = Non-vault XP
 B = Vault XP
 C = Vault XP percentage of total XP
 D = Non-vault monster count
 E = Vault monster count
 F = Vault count percentage of total count
                 A         B        C        D         E       F
            +---------+---------+-------+---------+---------+-------
      Total |     134 |       1 |   0.7 |      47 |       1 |   2.1
            +---------+---------+-------+---------+---------+-------
        D:1 |      38 |       0 |   0.0 |      19 |       0 |   0.0
        D:2 |      85 |       1 |   1.2 |      23 |       1 |   4.2
        D:3 |      11 |       0 |   0.0 |       5 |       0 |   0.0
            +---------+---------+-------+---------+---------+-------
